 Dungeon Crawl Stone Soup version 0.27-a0-1140-g099f9bb0e8 (webtiles) character file.

Game seed: 14563478475517127192

56 Ijustatesigmund the Ducker (level 3, 0/26 HPs)
             Began as an Octopode Fighter on May 10, 2021.
             Slain by an ufetubus (4 damage)
             ... on level 2 of the Dungeon.
             The game lasted 00:02:40 (1645 turns).

Ijustatesigmund the Ducker (Octopode Fighter)       Turns: 1645, Time: 00:02:40

Health: 0/26       AC:  1    Str: 15    XL:     3   Next: 97%
Magic:  3/3        EV: 11    Int: 10    God:
Gold:   81         SH:  8    Dex: 12    Spells: 2/2 levels left

rFire    . . .     SeeInvis .   a - +0 war axe
rCold    . . .     Faith    .   b - +0 kite shield
rNeg     . . .     Spirit   .   (helmet restricted)
rPois    .         Reflect  .   (no amulet)
rElec    .         Harm     .   (no ring)
rCorr    .         Rampage  .   (no ring)
Will     .....     Rnd*Tele +   (no ring)
Stlth    ++........             (no ring)
HPRegen  0.08/turn              (no ring)
MPRegen  0.08/turn              (no ring)
                                (no ring)
                                (no ring)

@: no status effects
A: almost no armour, amphibious, 8 rings, camouflage 1, gelatinous body 1,
(nimble swimmer 1), tentacles, high mp 1, teleportitis 1
a: no special abilities


You were on level 2 of the Dungeon.
You visited 1 branch of the dungeon, and saw 2 of its levels.

You collected 81 gold pieces.

Inventory:

Hand Weapons
 a - a +0 war axe (weapon)
Armour
 b - a +0 kite shield (worn)
Scrolls
 d - a scroll of identify
Potions
 c - a potion of might
 e - 2 potions of haste
 f - a potion of ambrosia


   Skills:
 + Level 3.4 Fighting
 * Level 3.0 Axes
 + Level 3.4 Dodging
 + Level 3.3 Shields


You had 2 spell levels left.
You didn't know any spells.
Your spell library was empty.

Dungeon Overview and Level Annotations

Branches:
Dungeon (2/15)

Altars:
Dithmenos

Shops:
D:1 (


Innate Abilities, Weirdness & Mutations

You cannot wear most types of armour.
You are amphibious.
You can wear up to eight rings at the same time.
Your skin changes colour to match your surroundings (Stealth+).
Your rubbery body absorbs attacks. (AC +1, EV +1)
((You are camouflaged near water. (Stealth+)))
You have tentacles for arms and can constrict up to eight enemies at once.
You have an increased reservoir of magic. (+10% MP)
You are occasionally teleported next to monsters.


Message History

No target in view!
No target in view!
No target in view!
No target in view!
No target in view!
No target in view!
No target in view!
No target in view!
No target in view!
No target in view!
No target in view!
The ufetubus shouts!
An ufetubus is nearby!
The ufetubus hits you. The ufetubus barely misses you.
The ufetubus hits you but does no damage.
The ufetubus hits you.
You hit the ufetubus. Your grab misses the ufetubus.
The ufetubus is almost dead.
The ufetubus hits you.
The ufetubus hits you but does no damage.
A goblin comes into view. It is wielding a +0 club.
The ufetubus hits you. The ufetubus barely misses you.
You are too injured to fight recklessly!
You are too injured to fight recklessly!
You are too injured to fight recklessly!
You are too injured to fight recklessly!
You are too injured to fight recklessly!
You are too injured to fight recklessly!
You are too injured to fight recklessly!
You are too injured to fight recklessly!
You are too injured to fight recklessly!
You closely miss the ufetubus.
The goblin shouts!
Your grab misses the ufetubus.
The ufetubus is almost dead.
The ufetubus hits you. The ufetubus barely misses you.
You block the ufetubus's attack. The ufetubus hits you.
* * * LOW HITPOINT WARNING * * *
The ufetubus closely misses you. The ufetubus hits you.
You die...

######..#...#.#
#......
#######....#...
######.
.............###
#......
.########..#.g...##
###.##.
..............#.#.#
#(.##.
[#######....#..#.#
# #...†.
#.....#..##. #.....
##+#'.5.......#
#......
#..)..#@..#.#
##..##.
#..........+. .
.......
##.<........#
.##..##.
#...#.#####.#
....... .......†#.#
#.# #. #..###
###.......# #.# #.
#..... ###.###.#
#.# #. #...#.
#.###+## #.#
#.##..... #......#
#.# ..#..##.


You could see an ufetubus and a goblin.

Vanquished Creatures
  2 adders (D:2)
  2 dart slugs
  2 ball pythons
  4 bats
  4 endoplasms (D:1)
  2 giant cockroaches (D:2)
  3 hobgoblins
  2 jackals (D:2)
  A kobold (D:2)
  A quokka (D:1)
  5 goblins
  3 rats
31 creatures vanquished.

Notes
Turn   | Place    | Note
-------+----------+-------------------------------------------
     0 | D:1      | Ijustatesigmund the Octopode Fighter began the quest for
                  | the Orb.
     0 | D:1      | Reached XP level 1. HP: 16/16 MP: 1/1
   234 | D:1      | Reached XP level 2. HP: 10/21 MP: 2/2
   495 | D:1      | Found a faded altar of an unknown god.
   560 | D:1      | Found Omiesac's Weapon Shoppe.
  1022 | D:2      | Reached XP level 3. HP: 26/26 MP: 3/3
  1066 | D:2      | Gained mutation: You are occasionally teleported next to
                  | monsters. [potion of mutation]
  1066 | D:2      | Gained mutation: Your spells are a little harder to cast,
                  | but a little more powerful. [potion of mutation]
  1066 | D:2      | Gained mutation: You are partially covered in iridescent
                  | scales. (AC +2) [potion of mutation]
  1067 | D:2      | Lost mutation: You are partially covered in iridescent
                  | scales. (AC +2) [potion of mutation]
  1067 | D:2      | Lost mutation: Your spells are a little harder to cast, but
                  | a little more powerful. [potion of mutation]
  1067 | D:2      | Gained mutation: You have an increased reservoir of magic.
                  | (+10% MP) [potion of mutation]
  1508 | D:2      | Found a shadowy altar of Dithmenos.
  1645 | D:2      | Slain by an ufetubus

Illustrated notes

Levels and vault maps discovered:
D:1:      arrival_zaba_pyramid, layout_basic, serial_shops,
          nicolae_shop_crystal, hellmonk_ecumenical_altar_leap_of_faith,
          grunt_decor_fettered
D:2:      layout_basic, basic_altar, minmay_increasing_density

Skill      XL: |  1  2  3 |
---------------+----------+-----
Axes           | 3 |  3.0
Fighting       | |  3.4
Dodging        | |  3.4
Shields        | |  3.3

Action                   || total
-------------------------++-------
Melee: War axe           ||    52
       Constrict         ||    13
       Tentacles         ||     6
  Use: Scroll            ||     5
       Potion            ||     2
 Stab: Sleeping          ||     8
Armor: Skin              ||     5
Dodge: Dodged            ||    24
Block: Kite shield       ||    21

Table legend: (Time is in decaauts)
 A = Elapsed time spent in this place.
 B = Non-inter-level travel time spent in this place.
 C = Inter-level travel time spent in this place.
 D = Time resting spent in this place.
 E = Time spent auto-exploring this place.
 F = Levels seen in this place.
 G = Mean time per level.
                   A        B        C        D        E       F      G
               +--------+--------+--------+--------+--------+-----+--------+
         Total |   1675 |   1653 |     22 |    150 |   1299 |   2 |  837.5 |
       Dungeon |   1675 |   1653 |     22 |    150 |   1299 |   2 |  837.5 |
               +--------+--------+--------+--------+--------+-----+--------+

Top non-repeatable levels by time:
     D:1: 955 daAuts
     D:2: 719 daAuts
